 Dungeon Crawl Stone Soup version 0.28-a0-1286-g6bde065e89 (webtiles) character file.

Game seed: 4467555965626765563

23 bearlyready the Bolt Thrower (level 2, -2/26 HPs)
             Began as a Minotaur Hunter on Dec 26, 2021.
             Slain by a jackal (3 damage)
             ... on level 1 of the Dungeon.
             The game lasted 00:01:47 (995 turns).

bearlyready the Bolt Thrower (Minotaur Hunter)       Turns: 995, Time: 00:01:48

Health: -2/26      AC:  3    Str: 16    XL:     2   Next: 72%
Magic:  1/1        EV: 11    Int:  8    God:
Gold:   21         SH:  0    Dex: 10    Spells: 1/1 levels left

rFire   . . .      SeeInvis .   b - +0 falchion
rCold   . . .      Faith    .   (no shield)
rNeg    . . .      Spirit   .   c - +0 leather armour
rPois   .          Reflect  .   (helmet restricted)
rElec   .          Harm     .   (no cloak)
rCorr   .          Rampage  .   (no gloves)
Will    .....                   (no boots)
Stlth   +.........              (no amulet)
HPRegen 0.08/turn               (no ring)
MPRegen 0.07/turn               (no ring)

@: no status effects
A: horns 2, retaliatory headbutt
a: no special abilities


You were on level 1 of the Dungeon.
You visited 1 branch of the dungeon, and saw 2 of its levels.

You collected 21 gold pieces.

Inventory:

Hand Weapons
 a - a +1 hand crossbow
 b - a +0 falchion (weapon)
 g - a +0 short sword
Missiles
 d - 39 bolts
Armour
 c - a +0 leather armour (worn)
Magical Staves
 j - a staff of cold
Scrolls
 e - a scroll of immolation {unknown}
 i - a scroll of fear {unknown}
 k - a scroll of magic mapping {unknown}
 l - 2 scrolls of vulnerability {unknown}
Potions
 f - a potion of flight {unknown}
 h - a potion of haste {unknown}


   Skills:
 - Level 3.3 Fighting
 + Level 0.0 Long Blades
 + Level 4.9 Crossbows
 - Level 2.1 Dodging
 - Level 0.7 Stealth


You had one spell level left.
You didn't know any spells.
Your spell library contained the following spells:

 Spells                   Type           Power      Damage    Failure   Level
 Magic Dart               Conj           0%         1d3       47%         1
 Call Imp                 Summ           0%         N/A       63%         2
 Mephitic Cloud           Conj/Pois/Air  0%         N/A       85%         3


Dungeon Overview and Level Annotations

Branches:
Dungeon (2/15)

Altars:

Annotations:
D:1 Terence


Innate Abilities, Weirdness & Mutations

You have a pair of horns on your head.
You reflexively headbutt those who attack you in melee.


Message History

Found 3 scrolls labelled TURYSI WA ELA and a rapier.
Found a stone staircase leading down.
There is a stone staircase leading up here.
The rat barely misses you. You furiously retaliate!
You headbutt the rat!
You kill the rat!
The jackal bites you.
You climb upwards.
There is a stone staircase leading down here.
No target in view!
You climb downwards.
Level annotation: Terence The rat barely misses you.
The jackal bites you. The rat closely misses you. Terence closely misses you.
The jackal bites you but does no damage.
The rat bites you but does no damage. The rat barely misses you.
The jackal bites you.
Terence hits you with a +0 hand axe of electrocution.
There is a stone staircase leading up, spattered with blood here.
The jackal closely misses you. The jackal barely misses you.
You furiously retaliate!
You headbutt the jackal. The rat bites you but does no damage.
The rat bites you.
Terence hits you with a +0 hand axe of electrocution.
You climb upwards.
There is a stone staircase leading down here.
You closely miss the jackal.
The jackal is almost dead.
The jackal bites you. The jackal closely misses you.
The rat bites you but does no damage. The jackal bites you.
The jackal barely misses you.
Terence hits you with a +0 hand axe of electrocution.
* * * LOW HITPOINT WARNING * * *
You closely miss the jackal.
The jackal is almost dead.
The jackal closely misses you.
The jackal bites you but does no damage.
The rat misses you.
Terence hits you with a +0 hand axe of electrocution.
* * * LOW HITPOINT WARNING * * *
The jackal bites you.
You die...

###..♣P.♣...# #...# #...#
#..P♣.....# #...# ###..
##...._P...#######...#########.#
##.....♣P♣....................##.
##..P♣P♣♣........###.#..#####.###
..).........####>###.#..#####...#
###....)....#........#..##....#.#
# ######.#..#.##h##.##..##......)
#....#.##@##.##..##.......
###.....h@r.............#.
#......r....#####..##.#.
#.##.#...#.........##.#.
#.##.##.###.######.##.#.
#....##.###.######......
#.#####.#........†....##
#.#####.#......#####..#
#.......#......#####..#


You could see Terence, 2 jackals and 2 rats.

Vanquished Creatures
  A dart slug (D:1)
  3 ball pythons (D:1)
  2 endoplasms (D:1)
  3 hobgoblins (D:1)
  3 kobolds (D:1)
  A quokka (D:1)
  A bat (D:1)
  A frilled lizard (D:1)
  A goblin (D:1)
  4 rats
20 creatures vanquished.

Vanquished Creatures (others)
  A plant (D:1)
1 creature vanquished.

Grand Total: 21 creatures vanquished

Notes
Turn   | Place    | Note
-------+----------+-------------------------------------------
     0 | D:1      | bearlyready the Minotaur Hunter began the quest for the
                  | Orb.
     0 | D:1      | Reached XP level 1. HP: 18/18 MP: 0/0
   336 | D:1      | Reached XP level 2. HP: 25/25 MP: 1/1
   514 | D:1      | Found a faded altar of an unknown god.
   985 | D:2      | Noticed Terence
   995 | D:1      | HP: 1/26 [Terence (6)]
   995 | D:1      | Slain by a jackal

Illustrated notes

Levels and vault maps discovered:
D:1:      pf_arrival_petrified_forest, layout_loops_cross,
          dreamdust_ecumenical_altar_grove
D:2:      layout_rooms, chequers_serial_rivers_micro_d, minmay_misc_feat_five,
          minmay_snake_closets, uniq_sigmund, uniq_terence,
          uniq_crazy_yiuf_cottage

Skill      XL: |  1  2 |
---------------+-------+-----
Fighting       | 3 |  3.3
Crossbows      | |  4.9
Dodging        | |  2.1
Stealth        | |  0.7

Action                   || total
-------------------------++-------
Melee: Short sword       ||    43
       Headbutt          ||     7
       Falchion          ||     2
 Fire: Hand crossbow     ||     4
 Stab: Sleeping          ||     1
Armor: Leather armour    ||    16
Dodge: Dodged            ||    30

Table legend: (Time is in decaauts)
 A = Elapsed time spent in this place.
 B = Non-inter-level travel time spent in this place.
 C = Inter-level travel time spent in this place.
 D = Time resting spent in this place.
 E = Time spent auto-exploring this place.
 F = Levels seen in this place.
 G = Mean time per level.
                   A        B        C        D        E       F      G
               +--------+--------+--------+--------+--------+-----+--------+
         Total |   1000 |    987 |     13 |      0 |    821 |   2 |  500.0 |
       Dungeon |   1000 |    987 |     13 |      0 |    821 |   2 |  500.0 |
               +--------+--------+--------+--------+--------+-----+--------+

Top non-repeatable levels by time:
     D:1: 994 daAuts
     D:2: 6 daAuts
